Map: Central Protocol

Players

Skywalker - Winner!

  • Race: Protoss Protoss

juhyg

  • Race: Zerg Zerg

VOD

Have the link to the VOD?

Description

Time

  • Played on: Nov. 18, 2015, 10:02 a.m.
  • Length: 10:28
Show
View Real Time Build Order
Export as new Build Order

Skywalker Protoss - Winner!

Build Orders:  

Get SALT Encoding   

  12  0:01  Probe (Chrono Boost)  
  13  0:11  Probe (Chrono Boost)  
  14  0:30  Pylon  
  14  0:33  Pylon  
  14  0:35  Probe (Chrono Boost)  
  15  0:48  Probe (Chrono Boost)  
  16  0:58  Probe (Chrono Boost)  
  16  1:03  Gateway  
  17  1:09  Probe (Chrono Boost)  
  18  1:40  Pylon  
  18  1:43  Forge  
  18  1:47  Gateway  
  18  1:49  Pylon, Gateway  
  18  1:55  Assimilator  
  18  2:06  Cybernetics Core  
  18  2:18  Probe (Chrono Boost)  
  18  2:22  Assimilator  
  19  2:28  Probe (Chrono Boost)  
  20  2:39  Probe (Chrono Boost)  
  20  2:42  Warp Gate (Chrono Boost)  
  21  2:50  Probe  
  22  3:01  Zealot x2  
  22  3:02  Zealot  
  28  3:32  Nexus  
  28  3:38  Protoss Ground Weapons Level 1 (Chrono Boost)  
  28  3:55  Pylon  
  28  3:59  Pylon  
  28  4:01  Pylon  
  28  4:04  Gateway  
  28  4:05  Gateway  
  28  4:32  Zealot x3  
  34  4:42  Mothership Core  
  36  4:46  Probe  
  37  4:55  Sentry x2  
  37  4:56  Probe, Sentry  
  44  5:01  Zealot  
  46  5:07  Probe  
  47  5:14  Zealot  
  49  5:47  Zealot x4  
  49  5:48  Zealot  
  41  6:33  Zealot x5  
  41  6:37  Probe  
  52  6:43  Pylon  
  52  6:48  Probe  
  53  6:58  Probe, Stalker x4  
  56  7:09  Probe  
  53  7:19  Probe  
  48  7:31  Stalker x4  
  48  7:34  Zealot  
  56  7:57  Cybernetics Core  
  56  8:07  Nexus  
  56  8:09  Assimilator, Photon Cannon  
  56  8:14  Assimilator  
  48  8:31  Zealot  
  48  8:32  Zealot x4  
  56  8:59  Stalker x3  
  56  9:00  Stalker  
  56  9:01  Stalker  
  60  9:42  Pylon  
  60  9:50  Probe  
  59  9:57  Gateway  
  59  9:59  Gateway  
  59  10:00  Gateway  
  59  10:01  Probe  
  59  10:03  Gateway  
  59  10:05  Gateway  
  58  10:09  Probe  
  58  10:11  Probe x2  
Show
View Real Time Build Order
Export as new Build Order

juhyg Zerg 

Build Orders: Pool First 

Get SALT Encoding   

  12  0:10  Overlord  
  12  0:16  Drone  
  13  0:25  Drone  
  14  0:29  Drone  
  14  0:35  Drone  
  16  0:44  Drone  
  17  0:50  Spawning Pool  
  17  0:55  Drone  
  17  1:00  Extractor  
  16  1:08  Drone  
  17  1:23  Drone  
  18  1:28  Drone  
  19  1:42  Hatchery  
  18  1:51  Queen  
  18  1:52  Drone  
  18  1:53  Drone  
  22  2:01  Metabolic Boost  
  22  2:03  Overlord  
  22  2:22  Zergling x4  
  24  2:44  Lair  
  24  2:46  Zergling x4  
  26  2:59  Queen  
  26  3:01  Zergling x4  
  26  3:04  Zergling x2  
  31  3:12  Zergling x2  
  32  3:24  Drone  
  32  3:25  Drone x2  
  35  4:00  Hydralisk Den  
  34  4:05  Roach Warren  
  33  4:11  Hatchery  
  32  4:58  Roach x2  
  36  5:00  Overlord x2  
  36  5:01  Overlord x4  
  36  5:05  Extractor  
  35  5:22  Drone x3  
  35  5:23  Drone  
  31  5:44  Roach x3  
  31  5:45  Roach x6  
  45  6:10  Queen  
  43  6:25  Queen  
  35  6:38  Roach x5  
  35  6:39  Zergling x12  
  49  6:53  Roach x2  
  49  6:54  Roach  
  44  7:08  Hydralisk x3  
  45  7:30  Drone  
  45  7:31  Drone  
  47  7:37  Queen  
  47  8:07  Drone x5  
  47  8:08  Drone  
  51  8:14  Roach x2  
  51  8:15  Zergling x2, Roach x3  
  46  8:35  Roach x5  
  49  8:49  Drone x2  
  49  8:50  Roach x2  
  49  8:51  Roach  
  49  8:52  Zergling x10, Roach  
  53  9:15  Roach x5  
  36  9:42  Zergling x12  
  36  9:43  Zergling x6  
  37  9:53  Zergling x4, Roach  
  37  9:55  Zergling x4  
Tags
 
Add a new tag
Caveats
  • Supply blocks, unpowered buildings, or Contaminate may cause inaccurate times.
  • Supply counts are checked every 10 seconds.